 Dungeon Crawl Stone Soup version 0.18-b1-2-gd0c887e (webtiles) character file.

107 juanjsm the Sneak (level 4, 0/21 HPs)
             Began as a Spriggan Enchanter on Apr 28, 2016.
             Slain by a hobgoblin (5 damage)
             ... led by Robin
             ... on level 4 of the Dungeon.
             The game lasted 00:08:07 (2651 turns).

juanjsm the Sneak (Spriggan Enchanter)              Turns: 2651, Time: 00:08:07

Health: 0/21       AC:  3    Str:  4    XL:     4   Next: 56%
Magic:  5/9        EV: 18    Int: 17    God:
Gold:   153        SH:  0    Dex: 16    Spells: 4 memorised, 0 levels left

rFire  . . .     SeeInvis +     a - +1 dagger
rCold  . . .     Gourm    .     b - +1 robe
rNeg   . . .     Faith    .     (shield restricted)
rPois  .         Spirit   .     (helmet restricted)
rElec  .         Dismiss  .     (no cloak)
rCorr  .         Reflect  .     (gloves unavailable)
SustAt .         Harm     .     (boots unavailable)
MR     .....                    r - amulet of magic regeneration
Stlth  ++++......               (no ring)
                                (no ring)

@: very quick, not resistant to hostile enchantments, stealthy
A: unfitting armour, see invisible, herbivore 3, speed 3, slow metabolism 2
a: no special abilities


You were on level 4 of the Dungeon.
You were very hungry.

You visited 1 branch of the dungeon, and saw 4 of its levels.

You collected 153 gold pieces.

Inventory:

Hand Weapons
 a - a +1 dagger (weapon)
Armour
 b - a +1 robe (worn)
Jewellery
 r - an amulet of magic regeneration (around neck)
Scrolls
 e - 3 scrolls of teleportation {unknown}
 g - a scroll of blinking {unknown}
 h - 4 scrolls of identify {unknown}
 i - 2 scrolls of enchant weapon {unknown}
 l - 2 scrolls of remove curse {unknown}
 m - a scroll of noise {unknown}
 p - a scroll of immolation {unknown}
 s - a scroll of recharging {unknown}
Potions
 f - 3 potions of haste {unknown}
 j - a potion of heal wounds {unknown}
 k - 2 potions of degeneration {unknown}
 n - a potion of might {unknown}
 o - a potion of brilliance {unknown}
 q - a potion of curing {unknown}
Books
 c - a book of Maledictions

   Spells                             Type                      Level
   a - Corona                         Hexes                        1
   b - Ensorcelled Hibernation        Hexes/Ice                    2
   c - Confuse                        Hexes                        3
   d - Tukima's Dance                 Hexes                        3
   e - Dazzling Spray                 Conjuration/Hexes            3
Comestibles
 d - 2 bread rations


   Skills:
 + Level 0.1 Fighting
 + Level 1.2 Short Blades
 + Level 3.4 Dodging
 + Level 6.7 Stealth
 + Level 3.2 Spellcasting
 + Level 4.2 Hexes
 + Level 0.5 Ice Magic


You couldn't memorise any spells.
You knew the following spells:

 Your Spells              Type           Power        Failure   Level  Hunger
a - Corona                Hex            ###....      2%          1    None
b - Ensorcelled Hibernat  Hex/Ice        ##....       12%         2    ##.....
c - Confuse               Hex            ###.....     10%         3    ###....
d - Dazzling Spray        Conj/Hex       ##......     24%         3    ###....


Dungeon Overview and Level Annotations

Branches:
Dungeon (4/15)
 Temple: D:4-7

Altars:
Yredelemnul
The Shining One

Annotations:
D:3 Grinder
D:4 Robin


Innate Abilities, Weirdness & Mutations

You are tiny and cannot use many weapons and most armour.
You have supernaturally acute eyesight.
You are a herbivore.
You cover ground extremely quickly.
You need consume almost no food.


Message History

Aiming: Ensorcelled Hibernation
Press: ? - help, Shift-Dir - straight line, f - goblin
Aim: a goblin, wielding a dagger (unusually strong, chance to defeat MR: 79%)
The goblin resists with significant effort.
You are feeling very hungry.
The goblin closely misses you. Robin throws the goblin at you!
The goblin barely misses you.
Casting: Ensorcelled Hibernation
Confirm with . or Enter, or press ? or * to list all spells.
Aiming: Ensorcelled Hibernation
Press: ? - help, Shift-Dir - straight line, f/p - goblin
Aim: a goblin, wielding a dagger (unusually strong, chance to defeat MR: 79%)
The goblin looks drowsy...
The hobgoblin hits you! The goblin hits you with a club.
* * * LOW HITPOINT WARNING * * *
The helpless goblin fails to defend itself.
You impale the goblin!!
You kill the goblin!
The hobgoblin hits you.
You die... #.# # #.# #...######## #.# #gggggg@g#

#.# #...######)# #.# #
#####.# #.# ...#.#.#.#
##.#....<# ####
##...#....# #..
####.#.#.....#####.#####
#..........(.#.........#
#..#.#.#.....#.........#


You could see Robin, 2 hobgoblins and 4 goblins.

Vanquished Creatures
  4 adders
  An ooze (D:4)
  A worm (D:3)
  A dart slug (D:3)
  2 giant geckos
  2 bats
  5 giant cockroaches
  8 goblins
  7 hobgoblins
  4 jackals (D:2)
  10 ball pythons (D:2)
  2 giant newts
  4 kobolds
  6 rats
57 creatures vanquished.

Notes
Turn   | Place    | Note
--------------------------------------------------------------
     0 | D:1      | juanjsm the Spriggan Enchanter began the quest for the Orb.
     0 | D:1      | Reached XP level 1. HP: 9/9 MP: 5/5
   498 | D:1      | Reached XP level 2. HP: 5/13 MP: 4/6
   502 | D:1      | Learned a level 2 spell: Ensorcelled Hibernation
   546 | D:2      | Reached skill level 5 in Stealth
  1263 | D:2      | Reached XP level 3. HP: 16/16 MP: 8/8
  1268 | D:2      | Learned a level 3 spell: Confuse
  1346 | D:2      | Reached skill level 6 in Stealth
  1503 | D:2      | Reached XP level 4. HP: 21/21 MP: 3/9
  1508 | D:2      | Learned a level 3 spell: Dazzling Spray
  2026 | D:3      | Found a glowing golden altar of the Shining One.
  2302 | D:3      | Noticed Grinder
  2514 | D:3      | Found a basalt altar of Yredelemnul.
  2516 | D:3      | Noticed a profane servitor
  2573 | D:3      | Noticed an angel
  2639 | D:4      | Noticed Robin
  2651 | D:4      | Slain by a hobgoblin

Skill      XL: |  1  2  3 |
---------------+----------+-----
Stealth        | 5 6 |  6.7
Hexes          | 4 |  4.2
Spellcasting   | 3 |  3.2
Fighting       | |  0.1
Short Blades   | |  1.2
Dodging        | |  3.4
Ice Magic      | |  0.5

Action                   |  1- 3 |  4- 6 || total
-------------------------+-------+-------++-------
Melee: Dagger            |    90 |    24 ||   114
 Cast: Corona            |     3 |       ||     3
       Ensorcelled Hiber |    13 |    17 ||    30
       Confuse           |       |     1 ||     1
 Stab: Sleeping          |    34 |    14 ||    48
       Distracted        |       |     1 ||     1
Armor: Robe              |     5 |     1 ||     6
Dodge: Dodged            |    52 |    16 ||    68
